 Dungeon Crawl Stone Soup version 0.31-a0-1539-g569d6c7dce (webtiles) character file.

Game seed: 5028377000317829133

8616 Flugslaktarn the Fighter (level 11, 0/104 HPs)
             Began as a Minotaur Fighter on Jan 1, 2024.
             Was a Believer of Uskayaw.
             Killed by vampiric draining
             ... invoked by a vampire
              (15 damage)
             ... in a bailey.
             The game lasted 00:06:44 (8734 turns).

Flugslaktarn the Fighter (Minotaur Fighter)         Turns: 8734, Time: 00:06:45

Health: 0/104      AC: 23    Str: 24    XL:     11   Next: 12%
Magic:  10/16      EV:  6    Int:  3    God:    Uskayaw [**....]
Gold:   414        SH:  8    Dex: 11    Spells: 10/10 levels left

rFire   + . .        a - +1 war axe
rCold   . . .        b - +0 kite shield
rNeg    . . .        F - +0 plate armour
rPois   .            u - +2 hat
rElec   .            H - +0 cloak
rCorr   .            k - +1 pair of gloves
SInv    +            p - +1 pair of boots
Will    .....        G - amulet of regeneration Stlth
                     f - ring of protection from fire
HPRegen 1.17/turn    i - ring of see invisible
MPRegen 0.15/turn

%: no passive effects
@: no status effects
A: horns 2, retaliatory headbutt, dopey 1, shaggy fur 1
a: Renounce Religion, Stomp, Line Pass


You were in a bailey.
You worshipped Uskayaw.
Uskayaw was aware of your devotion.
You visited 1 branch of the dungeon, and saw 9 of its levels.
You also visited: Sewer and Bailey.

You collected 414 gold pieces.

Inventory:

Hand Weapons
 a - a +1 war axe (weapon)
Missiles
 v - a throwing net
Armour
 b - a +0 kite shield (worn)
   (You took it off a gnoll sergeant on level 8 of the Dungeon)
 c - a +0 buckler
 k - a +1 pair of gloves (worn)
   (You found it on level 5 of the Dungeon)
 p - a +1 pair of boots (worn)
   (You found it on level 4 of the Dungeon)
 u - a +2 hat (worn)
   (You found it on level 4 of the Dungeon)
 F - a +0 plate armour (worn)
   (You took it off an orc warrior on level 8 of the Dungeon)
 H - a +0 cloak (worn)
   (You found it on level 2 of the Dungeon)
Jewellery
 f - a ring of protection from fire (left hand)
   (You found it on level 1 of the Dungeon)
 i - a ring of see invisible (right hand)
   (You found it on level 4 of the Dungeon)
 o - a ring of poison resistance
   (You found it on level 2 of the Dungeon)
 G - an amulet of regeneration (around neck)
   (You found it on level 7 of the Dungeon)
Wands
 g - a wand of digging (7)
   (You found it on level 6 of the Dungeon)
 j - a wand of roots (21)
   (You found it on level 4 of the Dungeon)
 s - a wand of charming (16)
   (You found it on level 3 of the Dungeon)
Scrolls
 l - a scroll of fear
 r - a scroll of revelation
 t - 5 scrolls of teleportation
 x - 3 scrolls of enchant weapon
 A - a scroll of silence
 C - 2 scrolls of fog
 E - 2 scrolls of amnesia
Potions
 d - 3 potions of might
 e - a potion of cancellation
 h - 3 potions of haste
 m - 2 potions of enlightenment
 n - 2 potions of resistance
 q - a potion of curing
 w - a potion of heal wounds
 y - 2 potions of lignification
 D - a potion of degeneration {unknown}
 I - a potion of ambrosia {unknown}


   Skills:
 * Level 11.8 Fighting
 * Level 11.4 Axes
 + Level 8.9 Armour
 * Level 4.4 Shields
 * Level 8.7 Invocations


You had 10 spell levels left.
You didn't know any spells.
Your spell library contained the following spells:

 Spells                   Type           Power      Damage    Failure   Level
 Slow                     Hex            0%         N/A       100%        1
 Mercury Vapours          Alch/Air       0%         N/A       100%        2
 Confusing Touch          Hex            0%         N/A       100%        3
 Fugue of the Fallen      Necr           0%         N/A       100%        3
 Gell's Gravitas          Tloc           0%         N/A       100%        3
 Inner Flame              Hex/Fire       0%         N/A       100%        3
 Mephitic Cloud           Conj/Alch/Air  0%         N/A       100%        3
 Ozocubu's Armour         Ice            0%         N/A       100%        3
 Sigil of Binding         Hex            0%         N/A       100%        3
 Summon Ice Beast         Ice/Summ       0%         N/A       100%        3
 Teleport Other           Tloc           0%         N/A       100%        3
 Vampiric Draining        Necr           0%         2d6       100%        3
 Airstrike                Air            0%         2d(0-16)  100%        4
 Flame Wave               Conj/Fire      0%         2d4       100%        4
 Manifold Assault         Tloc           0%         N/A       100%        4
 Sticky Flame             Fire/Alch      0%         2d4       100%        4
 Freezing Cloud           Conj/Ice/Air   0%         6-21      100%        5
 Irradiate                Conj/Alch      0%         3d11      100%        5
 Silence                  Hex/Air        0%         N/A       100%        5
 Summon Mana Viper        Hex/Summ       0%         N/A       100%        5
 Dispersal                Tloc           0%         N/A       100%        6
 Monstrous Menagerie      Summ           0%         N/A       100%        7
 Ignition                 Fire           0%         3d3       100%        8


Dungeon Overview and Level Annotations

Branches:
Dungeon (9/15)             Temple (0/1) D:7            Lair (0/5) D:8
  Sewer (visited)          Bailey (1/1)
    Orc: D:9-12

Altars:
Cheibriados
Dithmenos
Fedhas
Gozag
Kikubaaqudgha
Nemelex Xobeh
Qazlal
Sif Muna
Uskayaw
Vehumet
Wu Jian
Xom
Yredelemnul
Zin

Shops:
D:4 ?   D:8 =


Innate Abilities, Weirdness & Mutations

You have a pair of horns on your head.
You reflexively headbutt those who attack you in melee.
You are dopey. (Int -2)
You are covered in fur. (AC +1)


Message History

The vampire draws strength from your injuries!
You barely miss the vampire.
The vampire is lightly damaged.
You block the vampire's attack.
The vampire bites you but does no damage.
You slash the vampire!
The vampire is heavily damaged.
The vampire mumbles some strange words.
The vampire flickers and vanishes for a moment.
You hit the vampire but do no damage.
The vampire is heavily damaged.
The vampire hits you but does no damage.
The vampire bites you but does no damage.
You hit the vampire.
You headbutt the vampire, but do no damage.
The vampire is heavily damaged.
The vampire draws life force from you!!
The vampire is healed by the life force!
You closely miss the vampire.
The vampire is lightly damaged.
You block the vampire's attack.
The vampire bites you but does no damage.
You hit the vampire but do no damage. Your headbutt misses the vampire.
The vampire is lightly damaged.
The vampire hits you with a +0 vampiric halberd.
The vampire draws strength from your wounds!
The vampire bites you but does no damage.
You hit the vampire.
The vampire is moderately damaged.
The vampire hits you but does no damage.
The vampire bites you but does no damage.
You can now pass through a line of other dancers.
You hit the vampire but do no damage.
The vampire is moderately damaged.
The vampire hits you with a +0 vampiric halberd!
The vampire draws strength from your wounds!
You block the vampire's attack.
You slice the vampire!!
The vampire is severely damaged.
The vampire barely misses you.
The vampire bites you but does no damage.
You barely miss the vampire.
The vampire is severely damaged.
The vampire draws life force from you!
The vampire is healed by the life force!
You slash the vampire!
The vampire is severely damaged.
The vampire hits you with a +0 vampiric halberd!
The vampire draws strength from your wounds!
The vampire bites you but does no damage.
Uskayaw will force your foes to helplessly watch your dance.
Uskayaw prepares the audience for your solo!
The helpless vampire fails to defend itself.
You slash the vampire!
The vampire is severely damaged.
The helpless vampire fails to defend itself.
You hit the vampire.
The vampire is almost destroyed.
The vampire is no longer paralysed.
The vampire hits you with a +0 vampiric halberd!
The vampire draws strength from your wounds!
The vampire barely misses you.
You hit the vampire but do no damage.
The vampire is severely damaged.
The vampire hits you with a +0 vampiric halberd!
* * * LOW HITPOINT WARNING * * *
The vampire draws strength from your wounds!
The vampire barely misses you.
You stomp with the beat, sending a shockwave through the revellers around you!
The vampire is almost destroyed.
You block the vampire's attack. x2
You hit the vampire but do no damage.
The vampire is almost destroyed.
The vampire draws life force from you!
* * * LOW HITPOINT WARNING * * *
The vampire is healed by the life force!
You hit the vampire but do no damage. Your headbutt misses the vampire.
The vampire is severely damaged.
The vampire hits you but does no damage.
You block the vampire's attack.
The vampire hits you but does no damage.
You block the vampire's attack.
Aiming: Line Pass
Press: ? - help, Dir - move target The vampire appears confused.
The vampire ponders the situation.
You block the vampire's attack.
The vampire bites you but does no damage.
The vampire barely misses itself.
The vampire bites itself but does no damage.
Unknown command.
You strike the helpless vampire from behind!
You slash the vampire!
You headbutt the vampire, but do no damage.
The vampire is almost destroyed.
You hit the vampire.
You headbutt the vampire, but do no damage.
The vampire is almost destroyed.
The vampire seems less confused.
The vampire draws life force from you!
You die...

.........#
.....#...####
....####....+
...##..##...+
#########....#...#
#................#
#...).....#......#
###'V##...##....8#
#.@..##...#######
#......##.......8#
#...##...#8......8#
#..# #..##########
#.. ..# #8. ..# ##
#


You could see a vampire (invisible).

Vanquished Creatures
  Maurice (D:8)
  An elephant (D:8)
  Joseph (D:8)
  A gargoyle (Bailey)
  A kobold demonologist (D:7)
  2 hornets
  A vampire (D:7)
  Sigmund (D:5)
  10 yaks
  2 water moccasins (D:8)
  An acid dragon (D:9)
  2 black bears (D:5)
  2 sky beasts
  An orc warrior (D:8)
  3 ice beasts (D:7)
  2 ogres
  A crocodile (Sewer)
  A phantom (D:5)
  4 kobold brigands
  A brain worm (Sewer)
  A bullfrog (D:8)
  2 gnoll sergeants
  3 scorpions
  9 wights
  16 killer bees
  5 howler monkeys
  A bombardier beetle (D:5)
  4 orc priests
  4 hounds
  4 jellies
  3 gnoll boudas (D:5)
  Jessica (D:3)
  An iguana (D:5)
  Natasha (thrice) (D:2)
  11 orc wizards
  Robin (D:3)
  20 gnolls
  11 adders
  3 river rats (Sewer)
  3 dart slugs
  2 ribbon worms
  28 orcs
  12 ball pythons
  4 endoplasms
  3 giant cockroaches
  12 goblins
  12 hobgoblins
  11 jackals
  3 quokkas
  9 bats
  4 frilled lizards
  24 kobolds
  9 orc zombies (Bailey)
  7 rats
285 creatures vanquished.

Vanquished Creatures (collateral kills)
  A vampire (D:7)
1 creature vanquished.

Vanquished Creatures (others)
  A vampire (D:7)
  An orc wizard (D:8)
2 creatures vanquished.

Grand Total: 288 creatures vanquished

Notes
Turn   | Place    | Note
-------+----------+-------------------------------------------
     0 | D:1      | Flugslaktarn the Minotaur Fighter began the quest for the
                  | Orb.
     0 | D:1      | Reached XP level 1. HP: 19/19 MP: 0/0
    95 | D:1      | Reached XP level 2. HP: 27/27 MP: 1/1
   640 | D:2      | Reached XP level 3. HP: 33/33 MP: 2/2
   695 | D:2      | Noticed Natasha
   702 | D:2      | Killed Natasha
   825 | D:2      | Noticed Natasha
   836 | D:2      | Killed Natasha
   837 | D:2      | Reached XP level 4. HP: 29/41 MP: 3/3
   961 | D:2      | Identified the +0 scale mail "Behulo" {rC++ Will+}
  1353 | D:2      | Noticed Natasha
  1367 | D:2      | Killed Natasha
  1368 | D:2      | Reached skill level 5 in Fighting
  1577 | D:3      | Found a hide-covered altar of Uskayaw.
  1604 | D:3      | Became a worshipper of Uskayaw the Reveller
  1619 | D:3      | Reached XP level 5. HP: 48/48 MP: 4/4
  1631 | D:3      | Reached * piety under Uskayaw
  1660 | D:3      | Noticed Jessica
  1664 | D:3      | Killed Jessica
  1666 | D:3      | Reached ** piety under Uskayaw
  1943 | D:3      | Noticed Robin
  1944 | D:3      | Found an ornate altar of the Wu Jian Council.
  1957 | D:3      | Reached *** piety under Uskayaw
  1962 | D:3      | Killed Robin
  1963 | D:3      | Reached skill level 1 in Invocations
  1964 | D:3      | Reached **** piety under Uskayaw
  2053 | D:3      | Identified the +0 leather armour "Qionuph" {rElec rPois
                  | rF-}
  2228 | D:3      | Found a stormy altar of Qazlal.
  2233 | D:3      | Noticed a fire elemental
  2233 | D:3      | Noticed an air elemental
  2233 | D:3      | Noticed a water elemental
  2359 | D:4      | Reached skill level 5 in Axes
  2359 | D:4      | Reached XP level 6. HP: 56/57 MP: 4/6
  2459 | D:4      | Found Umiust's Magic Scroll Emporium.
  2572 | D:4      | Gained mutation: You are covered in fur. (AC +1) [potion of
                  | mutation]
  2572 | D:4      | Gained mutation: You are dopey. (Int -2) [potion of
                  | mutation]
  2824 | D:4      | Found an opulent altar of Gozag.
  2858 | D:4      | Reached skill level 5 in Armour
  3225 | D:5      | Entered Level 5 of the Dungeon
  3269 | D:5      | Noticed Sigmund
  3288 | D:5      | Reached XP level 7. HP: 37/64 MP: 7/7
  3301 | D:5      | Killed Sigmund
  3436 | D:5      | Reached ***** piety under Uskayaw
  3474 | D:5      | Reached XP level 8. HP: 39/73 MP: 9/9
  3647 | D:5      | Reached skill level 5 in Invocations
  3800 | D:5      | Found a glowing drain.
  3844 | Sewer    | Entered a sewer
  4003 | Sewer    | Reached XP level 9. HP: 82/82 MP: 12/12
  4642 | D:5      | Found a sparkling altar of Nemelex Xobeh.
  4766 | D:5      | Found a glowing silver altar of Zin.
  5085 | D:5      | Found a radiant altar of Vehumet.
  6054 | D:7      | Found a blossoming altar of Fedhas.
  6198 | D:7      | Reached skill level 10 in Fighting
  6327 | D:7      | Noticed a kobold demonologist
  6335 | D:7      | Noticed a smoke demon
  6335 | D:7      | Killed a kobold demonologist
  6336 | D:7      | Reached XP level 10. HP: 79/93 MP: 14/14
  6686 | D:7      | Found a snail-covered altar of Cheibriados.
  6909 | D:7      | Found a staircase to the Ecumenical Temple.
  6920 | D:7      | Reached skill level 10 in Axes
  7002 | D:7      | Got the Compendium of Feculent Anemomancy
  7176 | D:8      | Noticed an elephant
  7220 | D:8      | Found a shimmering blue altar of Sif Muna.
  7294 | D:8      | Found a basalt altar of Yredelemnul.
  7371 | D:8      | Noticed Maurice
  7374 | D:8      | Maurice stole a ring of see invisible
  7376 | D:8      | Maurice stole a throwing net
  7378 | D:8      | Maurice stole 241 gold
  7381 | D:8      | Something stole 99 gold
  7385 | D:8      | Killed Maurice
  7539 | D:8      | Noticed Joseph
  7568 | D:8      | Killed Joseph
  7587 | D:8      | Found an ancient bone altar of Kikubaaqudgha.
  7614 | D:8      | Found Jogeumag's Jewellery Emporium.
  7768 | D:8      | Found a staircase to the Lair.
  7799 | D:8      | Found a shimmering altar of Xom.
  7843 | D:8      | Found a shadowy altar of Dithmenos.
  7906 | D:8      | Killed an elephant
  8212 | D:9      | Reached XP level 11. HP: 72/104 MP: 16/16
  8359 | D:9      | Noticed a green ugly thing
  8360 | D:9      | Noticed a death knight
  8541 | D:9      | Found a flagged portal.
  8570 | Bailey   | Entered a bailey
  8734 | Bailey   | Killed from afar by a vampire

Illustrated notes

Levels and vault maps discovered:
D:1:      scummos_arrival_checkerplants, layout_basic
D:2:      layout_loops_corners, uniq_natasha
D:3:      layout_loops_ring, mainiacjoe_overflow_24_doors,
          nicolae_qazlal_style_of_elements, nzn_wu_jian_contemplation,
          minmay_fountain_box, uniq_robin, uniq_jessica
D:4:      layout_loops_ring, mainiacjoe_overflow_small_starburst, serial_shops,
          shop
D:5:      layout_rooms, kennysheep_mini_moat, zin_treasury,
          nemelex_dance_club_becter, gup_sewer_entry_glass, uniq_sigmund
D:6:      layout_cave_pools, serial_library_hellmonk_room_c
D:7:      layout_loops_ring, lemuel_tele_altar, fedhas_altar_3,
          minmay_temple_entry_antechambers, serial_library_regret_index_headful
D:8:      nicolae_cairo_tiling_large, layout_loops_ring,
          hellmonk_sif_muna_bookshelves,
          nicolae_dithmenos_through_a_glass_darkly, yredelemnul_altar_generic,
          xom_teletrap_fun, kiku_gazebo_pond_becter,
          grunt_lair_entry_orc_guard_hut, serial_shops, shop, uniq_maurice,
          uniq_joseph
D:9:      minmay_curly_fans, layout_gridville,
          nicolae_hepliaklqana_monster_ancestors, enter_bailey_6,
          ebering_ghost_gozag
Bailey:   bailey_polearm_vampire_castle_hellmonk, bailey

Skill      XL: |  1  2  3  4  5  6  7  8  9 10 |
---------------+-------------------------------+-----
Fighting       | 4 5 6 7 8 10 11 | 11.8
Axes           | 3 4 5 6 8 9 11 | 11.4
Armour         | 4 5 6 7 8 |  8.9
Invocations    | 1 2 3 5 7 8 |  8.7
Shields        | 4 |  4.4

Action                     |  1- 3 |  4- 6 |  7- 9 | 10-12 || total
---------------------------+-------+-------+-------+-------++-------
  Melee: War axe           |    87 |   139 |   290 |   256 ||   772
         Headbutt          |     8 |    24 |    42 |    54 ||   128
 Invoke: Stomp             |       |       |       |     1 ||     1
         Line Pass         |       |       |       |     1 ||     1
  Evoke: Wand              |       |       |       |     4 ||     4
    Use: Potion            |       |     6 |     3 |       ||     9
         Scroll            |       |     3 |     8 |     4 ||    15
   Stab: Paralysed         |       |     3 |    29 |    36 ||    68
         Confused          |       |       |       |     1 ||     1
 Armour: Scale mail        |    64 |   135 |   256 |    78 ||   533
         Plate armour      |       |       |       |   188 ||   188
  Dodge: Dodged            |    38 |    63 |   107 |    75 ||   283
  Block: Buckler           |    25 |    33 |    52 |    26 ||   136
         Kite shield       |       |       |       |    44 ||    44

Table legend: (Time is in decaauts)
 A = Elapsed time spent in this place.
 B = Non-inter-level travel time spent in this place.
 C = Inter-level travel time spent in this place.
 D = Time resting spent in this place.
 E = Time spent auto-exploring this place.
 F = Levels seen in this place.
 G = Mean time per level.
                   A        B        C        D        E       F      G
               +--------+--------+--------+--------+--------+-----+--------+
         Total |   8992 |   8634 |    358 |    752 |   5999 |  11 |  817.5 |
       Dungeon |   7960 |   7602 |    358 |    646 |   5396 |   9 |  884.4 |
         Sewer |    867 |    867 |      0 |     65 |    555 |   1 |  867.0 |
        Bailey |    164 |    164 |      0 |     41 |     47 |   1 |  164.0 |
               +--------+--------+--------+--------+--------+-----+--------+

Top non-repeatable levels by time:
     D:5: 1176 daAuts
     D:7: 1166 daAuts
     D:8: 1078 daAuts
     D:2: 1065 daAuts
     D:6: 948 daAuts
     D:4: 930 daAuts
   Sewer: 867 daAuts
     D:3: 792 daAuts
     D:1: 520 daAuts
     D:9: 283 daAuts
  Bailey: 164 daAuts
